 Dungeon Crawl Stone Soup version 0.23.1-37-gaa34b87b72 (webtiles) character file.

Game seed: 2931785949189740671

4 Descartes the Skirmisher (level 1, -3/11 HPs)
             Began as a Vine Stalker Wanderer on Mar 19, 2019.
             Killed from afar by a dart slug (5 damage)
             ... with a slug dart
             ... on level 2 of the Dungeon.
             The game lasted 00:01:45 (79 turns).

Descartes the Skirmisher (Vine Stalker Wanderer)      Turns: 79, Time: 00:01:46

Health: -3/11      AC:  2    Str: 14    XL:     1   Next: 70%
Magic:  0/3        EV:  8    Int: 13    God:
Gold:   0          SH:  7    Dex: 12    Spells: 1/2 levels left

rFire    . . .     SeeInvis .   a - +0 club
rCold    . . .     Gourm    .   e - +0 shield
rNeg     . . .     Faith    .   d - +0 robe
rPois    .         Spirit   +   (no helmet)
rElec    .         Reflect  .   (no cloak)
rCorr    .         Harm     .   (no gloves)
MR       .....                  (no boots)
Stlth    +.........             (no amulet)
HPRegen  0.03/turn              (no ring)
MPRegen  0.08/turn              (no ring)

@: no status effects
A: fangs 2, magic shield, antimagic bite, no potion heal 3, rot immunity
a: no special abilities


You were on level 2 of the Dungeon.
You were not hungry.

You visited 1 branch of the dungeon, and saw 2 of its levels.

Inventory:

Hand Weapons
 a - a +0 club (weapon)
Armour
 d - a +0 robe (worn)
 e - a +0 shield (worn)
Scrolls
 b - a scroll of fear {unknown}
Comestibles
 c - 2 chunks of flesh
 f - a ration


   Skills:
 + Level 1.7 Fighting
 - Level 1.0 Maces & Flails
 - Level 1.0 Throwing
 - Level 1.5 Armour
 + Level 0.0 Dodging
 + Level 0.0 Stealth
 * Level 1.1 Shields
 * Level 0.1 Unarmed Combat
 * Level 1.2 Spellcasting
 * Level 0.3 Conjurations
   Level 1.0 Ice Magic
 * Level 1.0 Air Magic


You had one spell level left.
You knew the following spells:

 Your Spells              Type           Power        Failure   Level  Hunger
a - Shock                 Conj/Air       #...         77%         1    ##.....

Your spell library contained the following spells:

 Spells                   Type           Power        Failure   Level  Hunger
 Infusion                 Chrm           #...         86%         1    ##.....
 Static Discharge         Conj/Air       #.......     98%         3    ####...
 Ozocubu's Armour         Chrm/Ice       #.......     99%         3    ####...


Dungeon Overview and Level Annotations

Branches:
Dungeon (1/15)

Altars:


Innate Abilities, Weirdness & Mutations

You have extremely sharp teeth.
When hurt, damage is shared between your health and your magic reserves.
Your bite disrupts and absorbs the magic of your enemies.
Potions cannot restore your health.
You are immune to rotting.


Message History

The goblin is moderately wounded.
The goblin hits you.
A kobold comes into view. It is wielding a +0 short sword.
The goblin hits you.
You hit the goblin. You bite the goblin.
You kill the goblin!
You hit the rat.
You kill the rat!
The kobold throws a stone.
The stone closely misses you.
The stone hits the dart slug but does no damage.
You hit the dart slug.
The dart slug is lightly wounded.
The dart slug launches a dart at you. The slug dart hits you.
* * * LOW HITPOINT WARNING * * *
You hit the dart slug.
The dart slug is moderately wounded.
The dart slug launches a dart at you. The slug dart hits you.
You die...

##.... .....# ...........
.....# ...........##### #
.....# .......%......# .#
.....#####....##......+ ..#
..............# #w....# (..
..............# ..... ..
..............#####.###.#
##>..........K..@wrg....#
#.........รท..#####.##.......
#.....####+#### #..#.......
#.....# ...#....... ...)..+
....#..g.... ......#
....r.###.... ...### ####.#.#
.... ... #.... #..


You could see a dart slug, a goblin, a kobold and a rat.

Vanquished Creatures
  A hobgoblin (D:1)
  2 goblins
  2 rats (D:2)
5 creatures vanquished.

Notes
Turn   | Place    | Note
-------+----------+-------------------------------------------
     0 | D:1      | Descartes the Vine Stalker Wanderer began the quest for the
                  | Orb.
     0 | D:1      | Descartes set off with the following items: a +0 club, a +0
                  | robe, a +0 shield, a ration; and the following spells
                  | available to memorise: Shock, Infusion, Ozocubu's Armour,
                  | Static Discharge
     0 | D:1      | Reached XP level 1. HP: 11/11 MP: 3/3
     2 | D:1      | Learned a level 1 spell: Shock
    32 | D:1      | You fall through a shaft!
    79 | D:2      | Killed from afar by a dart slug

Action                   || total
-------------------------++-------
Melee: Club              ||    22
       Bite              ||     5
Armor: Robe              ||     3
Dodge: Dodged            ||     8
Block: Shield            ||     9
